 Dungeon Crawl Stone Soup version 0.25-a0-834-g55863b0b92 (webtiles) character file.

Game seed: 403486775510250462, levelgen mode: deterministic

251 Arvaldir the Digger (level 6, 0/32 HPs)
             Began as a Gargoyle Earth Elementalist on Apr 22, 2020.
             Killed from afar by an orc wizard (16 damage)
             ... with a bolt of acid
             ... on level 4 of the Dungeon.
             The game lasted 00:07:36 (2665 turns).

Arvaldir the Digger (Gargoyle Earth Elementalist)   Turns: 2665, Time: 00:07:40

Health: 0/32       AC:  8    Str: 12    XL:     6   Next: 13%
Magic:  1/11       EV: 12    Int: 17    God:
Gold:   187        SH:  0    Dex: 10    Spells: 3/12 levels left

rFire    . . .     SeeInvis .   p - +1 flail (protect)
rCold    . . .     Gourm    .   (no shield)
rNeg     + + .     Faith    .   i - +2 robe {rN+}
rPois    ∞         Spirit   .   (no helmet)
rElec    +         Reflect  .   (no cloak)
rCorr    .         Harm     .   (no gloves)
MR       .....                  (no boots)
Stlth    ++........             (no amulet)
HPRegen  0.10/turn              (no ring)
MPRegen  0.12/turn              (no ring)

@: no status effects
A: negative energy resistance 1, electricity resistance, unbreathing,
petrification resistance, rot immunity, AC +4
a: no special abilities


You were on level 4 of the Dungeon.
You were not hungry.

You visited 1 branch of the dungeon, and saw 4 of its levels.

You collected 187 gold pieces.

Inventory:

Hand Weapons
 m - a +0 dagger of draining
 p - a +1 flail of protection (weapon)
 q - a +2 whip of freezing
Missiles
 b - 73 stones (quivered)
 r - a throwing net
Armour
 i - a +2 robe of positive energy (worn)
Wands
 k - a wand of paralysis (7)
 s - a wand of acid (10)
Scrolls
 e - a scroll of teleportation
 f - 4 scrolls of remove curse
 g - a scroll of amnesia
 j - a scroll of enchant weapon
Potions
 a - a potion of brilliance
 l - a potion of berserk rage
 n - a potion of invisibility
 o - 3 potions of curing
 t - a potion of cancellation
Comestibles
 d - 7 rations
 h - 2 chunks of flesh


   Skills:
 - Level 1.5 Dodging
 - Level 2.1 Stealth
 + Level 3.8 Spellcasting
 + Level 2.9 Conjurations
   Level 0.7 Transmutations
 + Level 5.6 Earth Magic


You had 3 spell levels left.
You knew the following spells:

 Your Spells              Type           Power        Failure   Level  Hunger
a - Sandblast             Erth           ###...       1%          1    None
b - Stone Arrow           Conj/Erth      ###...       9%          3    ###....
c - Lee's Rapid Deconstr  Erth           ###.......   41%         5    ######.

Your spell library contained the following spells:

 Spells                   Type           Power        Failure   Level  Hunger
 Passwall                 Tmut/Erth      ##......     7%          2    ##.....
 Petrify                  Tmut/Erth      ##......     41%         4    ####...


Dungeon Overview and Level Annotations

Branches:
Dungeon (4/15)
 Temple: D:4-7

Altars:
Fedhas
Okawaru


Innate Abilities, Weirdness & Mutations

You are resistant to torment.
Your stone body is resilient. (AC +4)
You are immune to poison.
You resist negative energy. (rN+)
You are resistant to electric shocks. (rElec)
You can survive without breathing.
You are immune to petrification.
You are immune to rotting.


Message History

No previous command to re-do.
No previous command to re-do.
No previous command to re-do.
No previous command to re-do.
No previous command to re-do.
You barely miss the orc wizard.
The orc wizard is almost dead.
The orc wizard hits you but does no damage.
The orc wizard completely misses you.
You barely miss the orc wizard.
The orc wizard is almost dead.
The orc wizard misses you. The orc barely misses you.
The orc wizard hits you but does no damage.
You barely miss the orc wizard.
The orc wizard is almost dead.
The orc wizard casts a spell at you. The puff of flame hits you.
The orc misses you.
The orc wizard zaps a wand.
The bolt of acid hits you!
Ouch! That really hurt!
You die...

#...##...# ..#
#....#...##..##.
#....#.)......%.
#....#..... ...
#...##...# ..#
#...##...##?.#
#..<.........#
#.......)....+
#...###)@##.##
##### #oo# #
.......†...#
...........#
...........#
...........#
....####...#
.... ...# ...
....


You could see an orc wizard and an orc.

Vanquished Creatures
  Terence (D:3)
  6 adders
  8 gnolls
  A howler monkey skeleton (D:4)
  A worm (D:3)
  A dart slug (D:3)
  A leopard gecko (D:2)
  7 orcs
  A ball python (D:3)
  7 bats
  2 giant cockroaches
  13 goblins
  6 hobgoblins
  6 jackals
  6 kobolds
  A quokka (D:3)
  6 frilled lizards
  4 rats
78 creatures vanquished.

Notes
Turn   | Place    | Note
-------+----------+-------------------------------------------
     0 | D:1      | Arvaldir the Gargoyle Earth Elementalist began the quest
                  | for the Orb.
     0 | D:1      | Reached XP level 1. HP: 10/10 MP: 3/3
   192 | D:1      | Reached skill level 4 in Earth Magic
   192 | D:1      | Reached XP level 2. HP: 14/15 MP: 5/5
   510 | D:1      | Reached XP level 3. HP: 14/19 MP: 6/6
   553 | D:1      | Learned a level 3 spell: Stone Arrow
   871 | D:2      | Found a blossoming altar of Fedhas.
  1006 | D:2      | Reached skill level 1 in Conjurations
  1024 | D:2      | Reached XP level 4. HP: 20/24 MP: 8/8
  1776 | D:3      | Reached skill level 5 in Earth Magic
  1870 | D:3      | Found an iron altar of Okawaru.
  1886 | D:3      | Reached XP level 5. HP: 24/28 MP: 4/9
  1983 | D:3      | Learned a level 5 spell: Lee's Rapid Deconstruction
  2430 | D:3      | Noticed Terence
  2453 | D:3      | Killed Terence
  2649 | D:4      | Reached XP level 6. HP: 29/32 MP: 3/11
  2665 | D:4      | Killed from afar by an orc wizard

Levels and vault maps discovered:
D:1:      dpeg_arrival_rhombus, layout_rooms
D:2:      layout_loops_ring, fedhas_altar_2
D:3:      layout_loops_corners, first_ration, grunt_decor_mini_mirrors,
          okawaru_trees_1, uniq_terence
D:4:      layout_gridville, nicolae_ossuary_entry_catacombs

Skill      XL: |  1  2  3  4 |
---------------+-------------+-----
Earth Magic    | 4 5 |  5.6
Conjurations   | 1 2 |  2.9
Spellcasting   | 3 |  3.8
Dodging        | |  1.5
Stealth        | |  2.1
Transmutations | |  0.7

Action                   |  1- 3 |  4- 6 || total
-------------------------+-------+-------++-------
Melee: Dagger            |   150 |   146 ||   296
       Flail             |       |     7 ||     7
 Cast: Sandblast         |     8 |    26 ||    34
       Stone Arrow       |       |     1 ||     1
  Use: Scroll            |     8 |     4 ||    12
 Stab: Sleeping          |     2 |     1 ||     3
  Eat: Chunk             |       |     6 ||     6
Armor: Robe              |    82 |    53 ||   135
Dodge: Dodged            |   112 |   103 ||   215

Table legend:
 A = Non-vault XP
 B = Vault XP
 C = Vault XP percentage of total XP
 D = Non-vault monster count
 E = Vault monster count
 F = Vault count percentage of total count
                 A         B        C        D         E       F
            +---------+---------+-------+---------+---------+-------
      Total |     323 |      36 |  10.0 |      77 |       1 |   1.3
            +---------+---------+-------+---------+---------+-------
        D:1 |      44 |       0 |   0.0 |      26 |       0 |   0.0
        D:2 |      81 |       0 |   0.0 |      15 |       0 |   0.0
        D:3 |     110 |      36 |  24.7 |      27 |       1 |   3.6
        D:4 |      88 |       0 |   0.0 |       9 |       0 |   0.0
            +---------+---------+-------+---------+---------+-------
